Map: Ruins of Seras

Players

Blackcomb

  • Race: Protoss Protoss
  • League: Platinum

Javert - Winner!

  • Race: Zerg Zerg
  • League: Platinum

VOD

Have the link to the VOD?

Description

Time

  • Played on: July 21, 2015, 12:02 a.m.
  • Length: 10:29
Show
View Real Time Build Order
Export as new Build Order

Blackcomb Protoss 

Build Orders:  

Get SALT Encoding   

  12  0:01  Probe  
  13  0:13  Probe  
  14  0:21  Pylon  
  14  0:39  Probe (Chrono Boost)  
  15  0:47  Forge  
  16  0:50  Probe (Chrono Boost)  
  16  0:56  Probe (Chrono Boost)  
  17  1:08  Probe (Chrono Boost)  
  18  1:18  Probe (Chrono Boost)  
  19  1:26  Pylon  
  19  1:34  Pylon  
  19  1:35  Pylon  
  19  1:38  Probe  
  20  1:40  Pylon  
  20  1:46  Photon Cannon  
  20  1:47  Photon Cannon  
  20  2:01  Photon Cannon  
  20  2:23  Pylon  
  20  2:28  Nexus  
  20  2:34  Photon Cannon  
  20  2:57  Probe  
  21  3:00  Gateway  
  21  3:02  Pylon  
  21  3:09  Probe (Chrono Boost)  
  23  3:21  Probe (Chrono Boost)  
  23  3:22  Assimilator x2  
  23  3:33  Pylon  
  23  3:35  Probe (Chrono Boost)  
  24  3:42  Probe (Chrono Boost)  
  24  3:47  Probe (Chrono Boost)  
  26  3:52  Probe (Chrono Boost)  
  26  3:54  Cybernetics Core  
  26  3:55  Probe (Chrono Boost)  
  28  3:56  Zealot (Chrono Boost)  
  28  3:59  Probe  
  31  4:04  Probe  
  31  4:07  Pylon  
  32  4:11  Probe (Chrono Boost)  
  32  4:14  Pylon  
  32  4:16  Probe (Chrono Boost)  
  34  4:18  Pylon  
  34  4:23  Probe (Chrono Boost)  
  36  4:25  Probe (Chrono Boost)  
  36  4:31  Photon Cannon  
  36  4:33  Pylon  
  38  4:39  Stalker (Chrono Boost)  
  38  4:42  Probe x2  
  38  4:44  Warp Gate (Chrono Boost)  
  40  4:52  Gateway  
  40  4:54  Mothership Core  
  40  4:56  Gateway  
  42  5:00  Pylon  
  42  5:09  Photon Cannon  
  42  5:11  Probe  
  43  5:15  Probe  
  43  5:18  Twilight Council  
  44  5:25  Robotics Facility  
  44  5:26  Protoss Ground Weapons Level 1  
  44  5:27  Probe x2  
  46  5:34  Stalker  
  48  5:45  Pylon  
  48  5:50  Pylon  
  48  5:52  Adept x2  
  48  5:54  Probe x2  
  54  5:57  Assimilator  
  54  5:58  Assimilator  
  54  6:04  Robotics Facility  
  54  6:13  Probe x2  
  56  6:24  Immortal (Chrono Boost)  
  60  6:25  Probe  
  61  6:47  Pylon  
  61  6:48  Stalker x2  
  61  6:49  Stalker  
  67  7:02  Shield Upgrade (Chrono Boost)  
  67  7:03  Immortal (Chrono Boost)  
  71  7:12  Adept x2  
  71  7:13  Adept  
  77  7:20  Gateway x2  
  77  7:21  Pylon  
  77  7:22  Gateway  
  77  7:33  Adept x2  
  81  7:48  Probe  
  81  7:49  Probe  
  83  7:53  Pylon  
  83  7:57  Observer (Chrono Boost)  
  84  8:03  Blink  
  84  8:04  Adept x3  
  90  8:07  Nexus  
  90  8:12  Pylon  
  74  8:28  Stalker x3  
  74  8:36  Adept  
  74  8:37  Adept x2  
  70  8:49  Immortal  
  70  8:52  Adept x3  
  74  8:56  Stalker  
  76  9:07  Stalker  
  76  9:08  Stalker  
  70  9:11  Stalker  
  70  9:12  Stalker  
  66  9:21  Adept x2  
  58  9:34  Adept x2  
  61  9:41  Adept x2  
  61  9:43  Immortal (Chrono Boost)  
  69  9:55  Stalker x4  
  59  10:08  Stalker x2  
  53  10:21  Adept  
  53  10:22  Adept x2  
Show
View Real Time Build Order
Export as new Build Order

Javert Zerg - Winner!

Build Orders: Hatch First 

Get SALT Encoding   

  12  0:01  Drone  
  13  0:14  Overlord  
  13  0:19  Drone  
  14  0:32  Drone x2  
  16  0:37  Drone  
  17  0:57  Hatchery  
  17  1:01  Drone x2  
  17  1:03  Extractor  
  17  1:10  Drone  
  18  1:21  Spawning Pool  
  18  1:23  Drone  
  18  1:32  Drone  
  20  2:01  Drone x2  
  22  2:19  Hatchery, Overlord  
  22  2:22  Roach Warren  
  20  2:26  Drone x2  
  22  2:36  Queen  
  24  2:42  Drone  
  25  2:56  Drone x2  
  27  3:10  Roach  
  29  3:26  Metabolic Boost  
  29  3:28  Overlord  
  29  3:30  Queen  
  29  3:32  Ravager  
  32  3:43  Hatchery  
  32  3:47  Roach  
  33  3:55  Drone x4  
  37  4:00  Roach  
  40  4:14  Ravager  
  41  4:18  Overlord x2  
  41  4:21  Drone x3  
  41  4:23  Extractor  
  43  4:25  Ravager  
  43  4:27  Hatchery  
  43  4:38  Roach x3  
  46  4:56  Roach x2  
  50  5:01  Extractor  
  50  5:03  Extractor  
  50  5:05  Drone x4  
  50  5:06  Drone x2  
  54  5:13  Overlord  
  54  5:19  Drone  
  55  5:26  Hatchery  
  54  5:36  Drone x9  
  63  5:45  Spine Crawler  
  63  5:47  Lair  
  62  5:51  Ravager  
  62  5:52  Drone x2  
  62  5:55  Drone  
  68  6:04  Roach x3  
  68  6:07  Ravager x2  
  74  6:15  Evolution Chamber  
  74  6:18  Drone  
  74  6:24  Overlord x2  
  74  6:45  Ravager  
  74  6:46  Ravager  
  70  7:03  Roach x13  
  96  7:09  Hydralisk Den  
  96  7:10  Drone  
  96  7:14  Overlord  
  96  7:15  Overlord  
  96  7:18  Zerg Missile Weapons Level 1, Glial Reconstitution  
  96  7:21  Overseer  
  96  7:25  Overlord  
  96  7:40  Zergling x22  
  96  7:41  Zergling x2  
  108  7:49  Overlord x2  
  108  7:55  Ravager x5  
  108  7:56  Drone x4  
  117  8:01  Overlord  
  117  8:05  Burrow, Drone x2  
  118  8:09  Extractor  
  103  8:40  Roach  
  103  8:41  Roach x11  
  109  8:58  Roach x3  
  104  9:14  Roach x6  
  96  9:34  Overlord x2  
  96  9:35  Overlord  
  96  9:37  Ravager  
  97  9:40  Roach x4  
  97  9:41  Roach x5  
  97  9:43  Queen x2  
  113  9:54  Roach x3  
  117  10:01  Hatchery  
  117  10:02  Roach x3  
Tags
 
Add a new tag
Caveats
  • Supply blocks, unpowered buildings, or Contaminate may cause inaccurate times.
  • Supply counts are checked every 10 seconds.